 Dungeon Crawl Stone Soup version 0.21-a0-538-gd16b88a (webtiles) character file.

34 zero the Sneak (level 3, -5/16 HPs)
             Began as a Spriggan Enchanter on Dec 15, 2017.
             Killed by nerve-wracking pain
             ... invoked by Jessica
              (10 damage)
             ... on level 2 of the Dungeon.
             The game lasted 00:01:32 (1581 turns).

zero the Sneak (Spriggan Enchanter)                 Turns: 1581, Time: 00:01:33

Health: -5/16      AC:  2    Str:  4    XL:     3   Next: 14%
Magic:  8/8        EV: 18    Int: 17    God:
Gold:   72         SH:  0    Dex: 16    Spells: 4/7 levels left

rFire    . . .     SeeInvis +   a - +1 dagger
rCold    . . .     Gourm    .   (shield restricted)
rNeg     . . .     Faith    .   b - +0 robe
rPois    .         Spirit   .   (helmet restricted)
rElec    .         Reflect  .   (no cloak)
rCorr    .         Harm     .   (gloves unavailable)
MR       .....                  (boots unavailable)
Stlth    +++.......             (no amulet)
HPRegen  0.05/turn              (no ring)
MPRegen  0.11/turn              (no ring)

@: very quick
A: very small, unfitting armour, see invisible, herbivore 3, speed 3, slow
metabolism 2
a: no special abilities


You were on level 2 of the Dungeon.
You were not hungry.

You visited 1 branch of the dungeon, and saw 3 of its levels.

You collected 72 gold pieces.

Inventory:

Hand Weapons
 a - a +1 dagger (weapon)
Armour
 b - a +0 robe (worn)
Jewellery
 m - an uncursed ring of resist corrosion {unknown}
Scrolls
 g - a scroll of amnesia {unknown}
 i - 2 scrolls of remove curse {unknown}
 k - a scroll of noise {unknown}
 l - 2 scrolls of enchant armour {unknown}
 o - a scroll of identify {unknown}
Potions
 e - 2 potions of curing {unknown}
 f - a potion of haste {unknown}
 h - a potion of berserk rage {unknown}
 j - a potion of mutation {unknown}
Books
 c - a book of Maledictions

   Spells                             Type                      Level
   a - Corona                         Hexes                        1
   b - Ensorcelled Hibernation        Hexes/Ice                    2
   c - Confuse                        Hexes                        3
   d - Tukima's Dance                 Hexes                        3
   e - Dazzling Spray                 Conjuration/Hexes            3
Comestibles
 d - a bread ration
 n - a royal jelly


   Skills:
 + Level 2.5 Short Blades
 - Level 3.0 Dodging
 + Level 5.6 Stealth
 - Level 2.6 Spellcasting
 - Level 3.6 Hexes


You had 4 spell levels left.
You knew the following spells:

 Your Spells              Type           Power        Failure   Level  Hunger
a - Corona                Hex            ##.....      4%          1    #......
b - Ensorcelled Hibernat  Hex/Ice        #.....       13%         2    ##.....


Dungeon Overview and Level Annotations

Branches:
Dungeon (3/15)

Altars:

Annotations:
D:2 Jessica


Innate Abilities, Weirdness & Mutations

You are very small and have problems with some larger weapons.
You are too small for most types of armour.
You have supernaturally acute eyesight. (SInv)
You are a herbivore.
You cover ground extremely quickly.
You need consume almost no food.


Message History

Jessica casts a spell at you. Pain shoots through your body!
* * * LOW HITPOINT WARNING * * *
Jessica gestures wildly while chanting.
Jessica blinks!
Jessica gestures at you while chanting.
You easily resist.
You see here a goblin corpse.
Jessica shouts, "You're disturbing me!
I'll have to kill you!" What are your orders? t - Shout!
Orders for allies: a - Attack new target. r - Retreat! s - Stop attacking. g - Guard the area. f - Follow me.
Anything else - Cancel.
Okay, then.
Jessica casts a spell at you. Pain shoots through your body!
Ouch! That really hurt!
You die...

#..)......##.##
#.......@.##.#
##.......#.##.#
........##.##.#
.......@.#.##.#
......##.#@##@#
##..#. #.#.##.#
#..# #.#.##.#
#. # #@#.##.#
...#.##.#.##.#
...........†..#
...##.#.######
... #.#.# #..
... #.#.# .#
#.# #.# #.#.#
..
#.#.##.###.#.#
.#
#.#..........#


You could see Jessica.

Vanquished Creatures
  An adder (D:2)
  A leopard gecko (D:1)
  4 giant cockroaches
  4 goblins
  2 hobgoblins (D:1)
  A quokka (D:3)
  2 bats (D:2)
  A frilled lizard (D:2)
  3 kobolds
  3 rats (D:1)
22 creatures vanquished.

Notes
Turn   | Place    | Note
-------+----------+-------------------------------------------
     0 | D:1      | zero the Spriggan Enchanter began the quest for the Orb.
     0 | D:1      | Reached XP level 1. HP: 9/9 MP: 5/5
   357 | D:1      | Reached skill level 5 in Stealth
   357 | D:1      | Reached XP level 2. HP: 13/13 MP: 6/6
   361 | D:1      | Learned a level 2 spell: Ensorcelled Hibernation
   755 | D:2      | Noticed Jessica
  1099 | D:3      | Reached XP level 3. HP: 7/16 MP: 0/8
  1581 | D:2      | Killed from afar by Jessica

Vault maps used:
D:1:      lemuel_arrival_lava_pool, minmay_liquid_box, solitary_fountain
D:2:      uniq_jessica
D:3:      first_bread, minmay_misc_feat_enclosed, xom_teletrap_fun

Skill      XL: |  1  2 |
---------------+-------+-----
Stealth        | 5 |  5.6
Short Blades   | 2 |  2.5
Dodging        | |  3.0
Spellcasting   | |  2.6
Hexes          | |  3.6

Action                   || total
-------------------------++-------
Melee: Dagger            ||   105
 Cast: Ensorcelled Hiber ||     1
       Corona            ||     1
 Stab: Sleeping          ||     9
Armor: Robe              ||    17
Dodge: Dodged            ||    92

Table legend:
 A = Spawn XP
 B = Non-spawn XP
 C = Spawn XP percentage of total XP
 D = Spawn monster count
 E = Non-spawn monster count
 F = Spawn count percentage of total count
 G = Total turns spent on level
                    A         B        C        D         E        F      G
               +---------+---------+-------+---------+---------+-------+---------
         Total |       0 |      49 |   0.0 |       0 |      22 |   0.0 |  1581
               +---------+---------+-------+---------+---------+-------+---------
           D:1 |       0 |      20 |   0.0 |       0 |      12 |   0.0 |  1010
           D:2 |       0 |      25 |   0.0 |       0 |       8 |   0.0 |   538
           D:3 |       0 |       4 |   0.0 |       0 |       2 |   0.0 |    33
               +---------+---------+-------+---------+---------+-------+---------
